 Dungeon Crawl Stone Soup version 0.29.0-11-gd7f09526c8 (webtiles) character file.

Game seed: 12134933320339282678

65 Ordine the Trooper (level 4, 0/29 HPs)
             Began as a Gargoyle Fighter on Sept 6, 2022.
             Slain by an iguana (9 damage)
             ... on level 3 of the Dungeon.
             The game lasted 00:02:36 (1976 turns).

Ordine the Trooper (Gargoyle Fighter)               Turns: 1976, Time: 00:02:36

Health: 0/29       AC: 10    Str: 21    XL:     4   Next: 14%
Magic:  13/13      EV:  9    Int:  9    God:
Gold:   100        SH:  4    Dex:  9    Spells: 3/3 levels left

rFire   . . .      SeeInvis .   a - +0 flail
rCold   . . .      Faith    .   c - +0 buckler
rNeg    + . .      Spirit   .   b - +0 scale mail
rPois   ∞          Reflect  .   (no helmet)
rElec   +          Harm     .   (no cloak)
rCorr   .          Rampage  .   (no gloves)
Will    .....                   (no boots)
Stlth   ..........              (no amulet)
HPRegen 0.09/turn               j - ring of magical power
MPRegen 0.13/turn               (no ring)

@: no status effects
A: sickness immunity, AC +3, negative energy resistance 1, electricity
resistance, torment resistance 1, petrification resistance
a: no special abilities


You were on level 3 of the Dungeon.
You visited 1 branch of the dungeon, and saw 3 of its levels.

You collected 100 gold pieces.

Inventory:

Hand Weapons
 a - a +0 flail (weapon)
Missiles
 e - 13 stones (quivered)
 f - 6 boomerangs
 l - 5 curare-tipped darts
 m - 4 silver javelins
Armour
 b - a +0 scale mail (worn)
 c - a +0 buckler (worn)
Jewellery
 j - a ring of magical power (left hand)
Scrolls
 i - 2 scrolls of teleportation {unknown}
Potions
 d - 2 potions of might
 g - a potion of flight {unknown}
 h - a potion of heal wounds {unknown}
 k - a potion of resistance {unknown}
 n - a potion of brilliance {unknown}


   Skills:
 + Level 3.9 Fighting
 * Level 3.3 Maces & Flails
 - Level 3.2 Armour
 + Level 3.8 Shields


You had 3 spell levels left.
You didn't know any spells.
Your spell library contained the following spells:

 Spells                   Type           Power      Damage    Failure   Level
 Conjure Flame            Conj/Fire      0%         6-21      99%         3
 Ignite Poison            Fire/Tmut/Pois 0%         N/A       99%         3
 Sticky Flame             Conj/Fire      0%         2d3       100%        4
 Iskenderun's Battlesphe  Conj           0%         2d6       100%        5
 Iron Shot                Conj/Erth      0%         9d1       100%        6
 Spellforged Servitor     Conj/Summ      0%         N/A       100%        7


Dungeon Overview and Level Annotations

Branches:
Dungeon (3/15)

Altars:
Ashenzari


Innate Abilities, Weirdness & Mutations

You are immune to sickness and miasma.
Your stone body is resilient. (AC +3)
You are immune to poison.
You resist negative energy. (rN+)
You are resistant to electric shocks. (rElec)
You are resistant to unholy torment.
You are immune to petrification.


Message History

You barely miss the iguana. The iguana completely misses you.
You closely miss the iguana. The iguana bites you.
The iguana barely misses you.
You barely miss the iguana. The iguana closely misses you.
You hit the iguana.
The iguana is lightly wounded.
The iguana barely misses you.
You closely miss the iguana.
The iguana is lightly wounded.
The iguana completely misses you. You block the iguana's attack.
You hit the iguana.
The iguana is moderately wounded.
You block the iguana's attack.
You barely miss the iguana.
The iguana is moderately wounded.
The iguana barely misses you.
You hit the iguana but do no damage.
The iguana is moderately wounded.
The iguana bites you but does no damage.
You hit the iguana but do no damage.
The iguana is moderately wounded.
You block the iguana's attack. The iguana closely misses you.
You hit the iguana.
The iguana is heavily wounded.
The iguana bites you.
You are too injured to fight recklessly!
You are too injured to fight recklessly!
You are too injured to fight recklessly!
You are too injured to fight recklessly!
You hit the iguana.
The iguana is almost dead.
The iguana bites you.
You hit the iguana but do no damage.
The iguana is almost dead.
The iguana bites you.
* * * LOW HITPOINT WARNING * * *
You hit the iguana but do no damage.
The iguana is almost dead.
The iguana bites you!
You die...

..#.........
#...#.....##.###.#.#.###
..#...#.................
#...#..........#.......
..#....... ...#......
#...#....#..
#......###+##+##
..#.....
#...#(............!#
#.......
+..................#
.......
#....@...........#
.......
......l##..........# .
... ......##....<......#
.................###
....##........>.## ....
#..........# ...
#..........# ..
#########+##


You could see an iguana.

Vanquished Creatures
  2 adders
  A worm (D:2)
  2 dart slugs (D:1)
  An orc (D:2)
  2 ball pythons (D:1)
  4 bats
  5 endoplasms
  A giant cockroach (D:2)
  2 hobgoblins (D:1)
  2 quokkas
  A frilled lizard (D:1)
  5 goblins (D:1)
  5 kobolds
  5 rats (D:2)
38 creatures vanquished.

Notes
Turn   | Place    | Note
-------+----------+-------------------------------------------
     0 | D:1      | Ordine the Gargoyle Fighter began the quest for the Orb.
     0 | D:1      | Reached XP level 1. HP: 14/14 MP: 1/1
   207 | D:1      | Reached XP level 2. HP: 14/19 MP: 2/2
   375 | D:1      | Found a faded altar of an unknown god.
   598 | D:1      | Reached XP level 3. HP: 20/23 MP: 3/3
  1652 | D:3      | Found a broken altar of Ashenzari.
  1921 | D:3      | Reached XP level 4. HP: 24/29 MP: 4/4
  1976 | D:3      | Slain by an iguana

Illustrated notes

Levels and vault maps discovered:
D:1:      ebering_trefoil_3fold, layout_basic,
          shapermc_ecumenical_altar_mp_highgroup, serial_curves, eino_curves_04,
          eino_curves_01
D:2:      layout_basic
D:3:      wad_crossroads, layout_basic, lemuel_crystal_altar,
          minmay_misc_feat_nine_boxes, hex_medium

Skill      XL: |  1  2  3 |
---------------+----------+-----
Maces & Flails | 3 |  3.3
Fighting       | |  3.9
Armour         | |  3.2
Shields        | |  3.8

Action                   |  1- 3 |  4- 6 || total
-------------------------+-------+-------++-------
Melee: Flail             |   101 |    14 ||   115
Armor: Scale mail        |    54 |     1 ||    55
Dodge: Dodged            |    43 |     7 ||    50
Block: Buckler           |    35 |     3 ||    38
